[Event "*** Titled Tuesday Blitz"]
[Site "Chess.com"]
[Date "2020.04.28"]
[Round "8"]
[White "DACF2905"]
[Black "canary2016"]
[Result "0-1"]
[WhiteElo "2164"]
[BlackElo "1898"]
[TimeControl "180+1"]
[EndTime "11:33:02 PDT"]
[Termination "canary2016 won by resignation"]

1. d4 d5 2. c4 c6 3. Nc3 Nf6 4. Nf3 e6 5. cxd5 exd5 6. h3 Bd6 7. Bg5 O-O 8. e3 h6 9. Bxf6 Qxf6 10. Bd3 Bf5 11.
O-O Nd7 12. Re1 Rfe8 13. e4 dxe4 14. Nxe4 Bxe4 15. Bxe4 Qd8 16. Qb3 Qc7 17. Rac1 Nf6 18. Bd3 Rad8 19. Nh4 Qa5 20. Rxe8+ Rxe8 21. Kf1 Qg5 0-1

[Event "*** Titled Tuesday Blitz"]
[Site "Chess.com"]
[Date "2020.04.28"]
[Round "8"]
[White "Lunow"]
[Black "Mikromurks"]
[Result "1-0"]
[WhiteElo "2218"]
[BlackElo "2321"]
[TimeControl "180+1"]
[EndTime "11:33:05 PDT"]
[Termination "Lunow won by resignation"]

1. c4 Nf6 2. g3 d6 3. Bg2 Nbd7 4. Nc3 e5 5. e4 Be7 6. Nge2 h5 7. h3 Nf8 8. d3 Ng6 9. Be3 c6 10. Qd2 Qc7 11. b4 a5 12. b5 Be6 13. Rb1 Nd7 14.
O-O h4 15. f4 exf4 16. gxf4 f5 17. Nd4 Ngf8 18. Nxe6 Nxe6 19. exf5 Nef8 20. Ne4 Nf6 21.
Ng5 Qc8 22. bxc6 bxc6 23. Rb6 d5 24. cxd5 cxd5 25. Ne6 Nxe6 26. Rxe6 Qd7 27. Bc5 1-0

[Event "*** Titled Tuesday Blitz"]
[Site "Chess.com"]
[Date "2020.04.28"]
[Round "8"]
[White "queen_iryna"]
[Black "CMFernandez"]
[Result "1-0"]
[WhiteElo "2270"]
[BlackElo "2073"]
[TimeControl "180+1"]
[EndTime "11:33:07 PDT"]
[Termination "queen_iryna won by resignation"]

1. d4 Nf6 2. Bg5 e6 3. e4 c5 4.
d5 h6 5. Bxf6 Qxf6 6. Nc3 d6 7.
Nf3 g6 8. Bb5+ Bd7 9. dxe6 Qxe6 10.
O-O Bg7 11. Nd5 O-O 12. Nc7 Qxe4 13. Re1 Qg4 14. a4 Nc6 15. Nxa8 Rxa8 16. Qxd6 Bxb2 17. Rab1 Bg7 18. h3 Qf5 19. Bd3 Bf8 20. Bxf5 Bxd6 21. Bxd7 1-0

[Event "*** Titled Tuesday Blitz"]
[Site "Chess.com"]
[Date "2020.04.28"]
[Round "8"]
[White "inegrepus"]
[Black "szefru"]
[Result "1-0"]
[WhiteElo "2257"]
[BlackElo "2123"]
[TimeControl "180+1"]
[EndTime "11:33:07 PDT"]
[Termination "inegrepus won by resignation"]

1. d4 Nf6 2. c4 g6 3. g3 Bg7 4. Bg2 O-O 5. Nf3 c6 6. O-O d5 7.
cxd5 cxd5 8. Nc3 Nc6 9. Ne5 Ng4 10. Bxd5 Ngxe5 11. dxe5 Nxe5 12. Bf4 Bh3 13. Bg2 Bxg2 14. Kxg2 Qb6 15. Qb3 Qxb3 16. axb3 Nd7 17. Nd5 e5 18. Be3 a6 19. Rfd1 Nf6 20. Bc5 Rfd8 21. Nxf6+ Bxf6 22. Bb6 Rxd1 23. Rxd1 Rc8 24. Rd7 Rc2 25.
Rxb7 Rxe2 26. Bc5 Rxb2 27. Rb8+ Kg7 28. Bf8+ Kg8 29. Bh6+ 1-0

[Event "*** Titled Tuesday Blitz"]
[Site "Chess.com"]
[Date "2020.04.28"]
[Round "8"]
[White "Charlottemillard17"]
[Black "mjray79"]
[Result "0-1"]
[WhiteElo "1409"]
[BlackElo "2250"]
[TimeControl "180+1"]
[EndTime "11:33:08 PDT"]
[Termination "mjray79 won by checkmate"]

1. e4 e5 2. Nf3 Nc6 3. Bc4 Bc5 4. O-O Nf6 5. d3 O-O 6. Nc3 h6 7. h3 a6 8. Kh1 d6 9. Nh2 Be6 10. Bb3 d5 11. exd5 Nxd5 12. Nxd5 Bxd5 13. f4 exf4 14. Bxf4 Nd4 15. Qg4 Kh8 16. Be5 f6 17. Bxd4 Bxd4 18. Qxd4 Bxg2+ 19. Kxg2 Qxd4 20. Nf3 Qb6 21. Rf2 Rae8 22. Rg1 Re3 23. Kf1 Rfe8 24. Rg3 Qd6 25. Rfg2 Qf4 26. Rxg7 Rxf3+ 27. Kg1 Re1# 0-1

[Event "*** Titled Tuesday Blitz"]
[Site "Chess.com"]
[Date "2020.04.28"]
[Round "8"]
[White "rpragchess"]
[Black "donotreadit"]
[Result "1-0"]
[WhiteElo "2833"]
[BlackElo "2699"]
[TimeControl "180+1"]
[EndTime "11:33:12 PDT"]
[Termination "rpragchess won by resignation"]

1. Nf3 d5 2. g3 Nf6 3. Bg2 e6 4. O-O Be7 5. d3 O-O 6. Nbd2 c5 7. e4 Nc6 8. e5 Nd7 9. Re1 b5 10. Nf1 a5 11. h4 a4 12. a3 c4 13. d4 b4 14.
axb4 Nxb4 15. Bf4 Qc7 16. Qd2 Nb6 17. h5 Bd7 18. h6 g6 19. Bg5 Qd8 20. Bxe7 Qxe7 21.
Ne3 Rfc8 22. Ng4 c3 23. bxc3 Nc4 24. Qc1 Nc6 25. Nf6+ Kh8 26. Ng5 a3 27. Qf4 a2 28.
Nxd7 f5 29. exf6 Qxd7 30. f7 1-0

[Event "*** Titled Tuesday Blitz"]
[Site "Chess.com"]
[Date "2020.04.28"]
[Round "8"]
[White "zivicd"]
[Black "WhiteCapital80"]
[Result "0-1"]
[WhiteElo "2215"]
[BlackElo "2404"]
[TimeControl "180+1"]
[EndTime "11:33:12 PDT"]
[Termination "WhiteCapital80 won by resignation"]

1. e4 e6 2. d4 d5 3. Nd2 Nf6 4. e5 Nfd7 5. c3 c5 6. Bd3 Nc6 7. Ne2 f6 8. exf6 Nxf6 9. Nf3 Bd6 10. Be3 b6 11. Bb5 Bd7 12. Nf4 Qc7 13. Nd3 O-O 14. dxc5 bxc5 15. Nxc5 Bxc5 16. Bxc5 Rfb8 17. Qe2 Rxb5 18.
Qxb5 Nd4 19. Qd3 Nxf3+ 20. Qxf3 Qxc5 21. O-O Rf8 22. Kh1 Ne4 0-1

[Event "*** Titled Tuesday Blitz"]
[Site "Chess.com"]
[Date "2020.04.28"]
[Round "8"]
[White "Chess_Boxer123"]
[Black "MrRooke6"]
[Result "0-1"]
[WhiteElo "2555"]
[BlackElo "2446"]
[TimeControl "180+1"]
[EndTime "11:33:20 PDT"]
[Termination "MrRooke6 won by resignation"]

1. e4 Nc6 2. Nf3 d6 3. d4 Nf6 4.
Nc3 g6 5. Be2 Bg7 6. d5 Nb8 7.
O-O O-O 8. a4 a5 9. h3 c6 10.
Be3 Na6 11. Re1 Nb4 12. dxc6 bxc6 13. e5 Nfd5 14. Nxd5 Nxd5 15. Bd4 c5 16. Bc4 Nb6 17.
Bxf7+ Rxf7 18. Bxc5 Bb7 19. exd6 exd6 20. Bxb6 Qxb6 21.
Re3 Raf8 22. Raa3 Bh6 23. Rab3 Qa7 24. Red3 Be4 25. Rdc3 d5 26. Nd4 Rxf2 27. Rg3 Rf1+ 28. Qxf1 0-1

[Event "*** Titled Tuesday Blitz"]
[Site "Chess.com"]
[Date "2020.04.28"]
[Round "8"]
[White "KubaGepard"]
[Black "chenxiaoyuer"]
[Result "0-1"]
[WhiteElo "2367"]
[BlackElo "2170"]
[TimeControl "180+1"]
[EndTime "11:33:21 PDT"]
[Termination "chenxiaoyuer won by resignation"]

1. d4 Nf6 2. Nf3 g6 3. g3 Bg7 4.
Bg2 O-O 5. O-O d6 6. b3 Nfd7 7. Bb2 e5 8. dxe5 dxe5 9. Nbd2 e4 10. Bxg7 exf3 11. Bxf8 fxg2 12. Kxg2 Qxf8 13. Nf3 Nc6 14. Qd5 Nf6 15. Qd3 Bf5 16. Qb5 Rb8 17. c3 a6 18.
Qa4 Ne4 19. Rac1 b5 20. Qxa6 Rb6 21. Qxb6 cxb6 22. Nd4 Nxd4 23. cxd4 Qa3 24. f3 Qxa2 25. fxe4 Qxe2+ 26. Rf2 Bxe4+ 27. Kg1 Qe3 28. Rd1 Bd5 29. b4 Qe4 30. Kf1 Qh1+ 31. Ke2 Bc4+ 32. Kd2 Qe4 33. Kc1 Qe3+ 34. Rfd2 Bb3 35. Kb2 Bxd1 36. Rxd1 Qe2+ 37. Kc1 Qc4+ 38. Kb2 Qxb4+ 39. Kc2 Qc4+ 40. Kb2 b4 41. d5 Qc3+ 42. Kb1 b3 0-1

[Event "*** Titled Tuesday Blitz"]
[Site "Chess.com"]
[Date "2020.04.28"]
[Round "8"]
[White "ljuks68"]
[Black "nabukatnezarr"]
[Result "0-1"]
[WhiteElo "2358"]
[BlackElo "2515"]
[TimeControl "180+1"]
[EndTime "11:33:22 PDT"]
[Termination "nabukatnezarr won by resignation"]

1. e4 d6 2. d4 Nf6 3. Nc3 e5 4.
dxe5 dxe5 5. Qxd8+ Kxd8 6. f4 exf4 7. Bxf4 Nbd7 8. O-O-O Bc5 9. Bc4 Bxg1 10. Rhxg1 Rf8 11.
Nb5 Ne8 12. Rgf1 a6 13. Nd4 h6 14. Bg3 Nef6 15. e5 Ne4 16. Ne6+ fxe6 17. Rxf8+ Ke7 18. Rdf1 Nxf8 19. Be1 b6 20. b4 Bb7 21. Bd3 Nd7 0-1

[Event "*** Titled Tuesday Blitz"]
[Site "Chess.com"]
[Date "2020.04.28"]
[Round "8"]
[White "Kobalia"]
[Black "MateSchmate"]
[Result "1-0"]
[WhiteElo "2694"]
[BlackElo "2469"]
[TimeControl "180+1"]
[EndTime "11:33:29 PDT"]
[Termination "Kobalia won by checkmate"]

1. d4 c5 2. d5 e5 3. Nc3 d6 4. e4 g6 5. f4 exf4 6. Bxf4 a6 7. Nf3 Bg7 8. h3 Ne7 9. a4 O-O 10. Bc4 Re8 11. O-O h6 12. e5 Nf5 13. Re1 dxe5 14.
Nxe5 Nd7 15. Nxf7 Bd4+ 16. Qxd4 cxd4 17. Nxd8 Rxd8 18. d6+ Kg7 19. Nd5 g5 20. Bh2 Nc5 21.
Re7+ Nxe7 22. dxe7 Re8 23. Nc7 Bd7 24. Nxa8 Rxa8 25.
Rf1 Re8 26. Be5+ Kg6 27. Bf7+ Kh7 28. Bxe8 Bxe8 29. Rf8 Bxa4 30. e8=Q Bxe8 31. Rxe8 d3 32. cxd3 Nxd3 33. Bc3 b5 34. Rd8 Nc5 35. Rd5 Ne4 36. Re5 Ng3 37. Kf2 Nh5 38. Re6 Nf4 39. Rxa6 b4 40. Bd4 b3 41. Kf3 Nd3 42. g4 Ne1+ 43. Ke4 Nc2 44. Bc3 Kg8 45. Rxh6 Kf7 46. Rb6 Na1 47.
Kf5 Nc2 48. Rxb3 Ke8 49. Ke6 Ne3 50. Rb8# 1-0

[Event "*** Titled Tuesday Blitz"]
[Site "Chess.com"]
[Date "2020.04.28"]
[Round "8"]
[White "MariaFominykh"]
[Black "HarryCun"]
[Result "1/2-1/2"]
[WhiteElo "2378"]
[BlackElo "2175"]
[TimeControl "180+1"]
[EndTime "11:33:29 PDT"]
[Termination "Game drawn by agreement"]

1. d4 c6 2. Nf3 d5 3. c4 Nf6 4.
Nc3 a6 5. e3 Bf5 6. b3 e6 7. Bb2 Nbd7 8. Be2 Be7 9. O-O O-O 10.
h3 Ne4 11. Nxe4 Bxe4 12. Nd2 Bg6 13. f3 Nf6 14. Re1 c5 15. Bf1 dxc4 16. Nxc4 cxd4 17. Qxd4 Qxd4 18. Bxd4 b5 19. Ne5 Rac8 20. Rec1 Ba3 21. Rxc8 Rxc8 22. e4 Kf8 23. Bd3 Rc7 24. Rd1 Nd7 25.
Nxd7+ Rxd7 26. Be2 Rc7 27. Be3 Ke7 28. Kf2 Bc5 29.
Rd2 f5 30. Bxc5+ Rxc5 31. Ke3 fxe4 32. fxe4 Rc3+ 33. Kd4 Rc7 34. Bf3 1/2-1/2

[Event "*** Titled Tuesday Blitz"]
[Site "Chess.com"]
[Date "2020.04.28"]
[Round "8"]
[White "Omk124"]
[Black "TengisChess"]
[Result "0-1"]
[WhiteElo "2351"]
[BlackElo "2541"]
[TimeControl "180+1"]
[EndTime "11:33:34 PDT"]
[Termination "TengisChess won by resignation"]

1. e4 c6 2. c4 e5 3. Nf3 d6 4. Nc3 Nf6 5. d3 Be7 6. g3 O-O 7. Bg2 Bg4 8. O-O c5 9. h3 Bxf3 10. Bxf3 Nc6 11. Bg2 Nd4 12. Be3 Rb8 13. b3 a6 14. f4 b5 15. Kh2 Qa5 16. Bd2 b4 17. Nd5 Nxd5 18. exd5 Bf6 19. a3 exf4 20. axb4 fxg3+ 21. Kxg3 Be5+ 22. Kf2 Qd8 23. Rxa6 Qh4+ 24. Kg1 Qg3 25.
Re1 Qh2+ 26. Kf1 cxb4 27. Ra7 Nf5 28. Qf3 Bd4 29. Rae7 Ng3+ 30. Qxg3 Qxg3 31. R7e2 Rbe8 32. Bxb4 Rxe2 33. Rxe2 Qxd3 34. Bxd6 Re8 35. Be7 Rxe7 36. Be4 0-1

[Event "*** Titled Tuesday Blitz"]
[Site "Chess.com"]
[Date "2020.04.28"]
[Round "8"]
[White "uchenic"]
[Black "RaphaeI"]
[Result "0-1"]
[WhiteElo "2463"]
[BlackElo "2629"]
[TimeControl "180+1"]
[EndTime "11:33:35 PDT"]
[Termination "RaphaeI won by resignation"]

1. d4 Nf6 2. c4 e6 3. Nf3 d5 4. Nc3 Bb4 5. Qb3 c5 6. cxd5 exd5 7. Bg5 Nc6 8. e3 cxd4 9. Nxd4 Nxd4 10. exd4 Bxc3+ 11. Qxc3 O-O 12. Bxf6 Qxf6 13. f3 Bf5 14. Rd1 Rac8 15. Qb4 Rc2 16. Rd2 Re8+ 17. Kd1 Qc6 0-1

[Event "*** Titled Tuesday Blitz"]
[Site "Chess.com"]
[Date "2020.04.28"]
[Round "8"]
[White "ShieldingOff"]
[Black "ChessMavenYeti"]
[Result "1-0"]
[WhiteElo "2024"]
[BlackElo "2160"]
[TimeControl "180+1"]
[EndTime "11:33:35 PDT"]
[Termination "ShieldingOff won by checkmate"]

1. d4 Nf6 2. c4 e6 3. g3 c5 4. d5 exd5 5. cxd5 d6 6. Bg2 g6 7.
Nc3 Bg7 8. Nf3 O-O 9. O-O Re8 10. Nd2 Nbd7 11. e4 Ne5 12. Qc2 Rb8 13. a4 a6 14. a5 b5 15. axb6 Rxb6 16. f4 Neg4 17.
Nc4 Rb4 18. Na5 Qb6 19. Nc6 Rbxe4 20. Nxe4 Nxe4 21. Bxe4 c4+ 22. Kh1 Rxe4 23. Qxe4 Nf2+ 24. Rxf2 Qxf2 25. Be3 Qxb2 26. Qe8+ Bf8 27. Bd4 Qc2 28.
Ne7# 1-0

[Event "*** Titled Tuesday Blitz"]
[Site "Chess.com"]
[Date "2020.04.28"]
[Round "8"]
[White "erlesfar"]
[Black "turayev_shahruh17"]
[Result "0-1"]
[WhiteElo "2367"]
[BlackElo "2528"]
[TimeControl "180+1"]
[EndTime "11:33:36 PDT"]
[Termination "turayev_shahruh17 won by resignation"]

1. e4 e6 2. d4 d5 3. e5 c5 4. c3 Qb6 5. Nf3 Nc6 6. Bd3 cxd4 7. cxd4 Bd7 8. O-O Nxd4 9. Ng5 Nh6 10. Nc3 Ndf5 11. a3 Be7 12. Qh5 g6 13. Qh3 Qd4 14. Re1 Rc8 15. Bf1 Ng4 16. Re2 Nxe5 17. Nf3 Nxf3+ 18. Qxf3 O-O 19. Bf4 Bd6 20. Rd2 Qxf4 21. Qxf4 Bxf4 22. Rdd1 Be5 23. Nxd5 exd5 24. Rxd5 Bxb2 25.
Rb1 Be6 0-1

[Event "*** Titled Tuesday Blitz"]
[Site "Chess.com"]
[Date "2020.04.28"]
[Round "8"]
[White "2346PL"]
[Black "Antelacus"]
[Result "0-1"]
[WhiteElo "2465"]
[BlackElo "2336"]
[TimeControl "180+1"]
[EndTime "11:33:36 PDT"]
[Termination "Antelacus won by resignation"]

1. d4 Nf6 2. Bg5 Ne4 3. Bf4 d5 4. e3 Bf5 5. c4 e6 6. Qb3 Nd7 7.
cxd5 exd5 8. Qxd5 Bb4+ 9. Kd1 Nxf2+ 10. Ke2 Be4 11. Qb5 Bd3+ 12. Qxd3 Nxd3 13. Kxd3 O-O 14. Nc3 Nf6 15. Nf3 c5 16. Rd1 cxd4 17. exd4 Nd5 18.
Bd2 Bxc3 19. bxc3 Qa5 20. c4 Qa3+ 21. Ke2 Nc3+ 22. Bxc3 Qxc3 23. Kf2 Rfe8 24. Bd3 Rad8 25. d5 b5 26. cxb5 Qc5+ 27. Kg3 g6 28. h4 Rxd5 29.
Kh3 Qc8+ 30. Kh2 Qc7+ 31. Kh3 Qd7+ 0-1

[Event "*** Titled Tuesday Blitz"]
[Site "Chess.com"]
[Date "2020.04.28"]
[Round "8"]
[White "Shield12"]
[Black "IljaJoke"]
[Result "1-0"]
[WhiteElo "2826"]
[BlackElo "2480"]
[TimeControl "180+1"]
[EndTime "11:33:37 PDT"]
[Termination "Shield12 won by resignation"]

1. e4 e5 2. Nf3 Nc6 3. Bb5 a6 4. Ba4 Nf6 5. O-O b5 6. Bb3 Bc5 7. a4 Rb8 8. c3 d6 9. d4 Bb6 10. a5 Ba7 11. h3 Bb7 12. Be3 Nxe4 13. Re1 exd4 14. Nxd4 Nxd4 15. Bxd4 c5 16. Bxg7 Qg5 17.
Bxh8 Kd7 18. Qf3 c4 19. Bd4 Bxd4 20. cxd4 f5 21. Bc2 Re8 22. Nc3 b4 23. Nxe4 fxe4 24. Bxe4 1-0

[Event "*** Titled Tuesday Blitz"]
[Site "Chess.com"]
[Date "2020.04.28"]
[Round "8"]
[White "FMOlexandrProhorov"]
[Black "BvsN"]
[Result "0-1"]
[WhiteElo "2092"]
[BlackElo "2377"]
[TimeControl "180+1"]
[EndTime "11:33:40 PDT"]
[Termination "BvsN won by checkmate"]

1. e4 c5 2. c3 Nf6 3. e5 Nd5 4. Bc4 Nb6 5. Bb3 Nc6 6. Nf3 c4 7. Bc2 Qc7 8. Qe2 g5 9. h3 Bg7 10. e6 dxe6 11. Nxg5 Qe5 12. Qxe5 Nxe5 13. Ke2 Bd7 14.
f4 Nd3 15. Bxd3 cxd3+ 16. Kxd3 O-O-O 17. Ke2 Bb5+ 18. Kf2 Rd3 19. Re1 Nd5 20. Na3 Bc6 21.
g3 Bf6 22. Nxf7 Rg8 23. Rg1 Nxf4 24. gxf4 Rf3+ 25. Ke2 Rxg1 26. b4 Rg2+ 27. Kd1 Be4 28. d4 Rf1# 0-1

[Event "*** Titled Tuesday Blitz"]
[Site "Chess.com"]
[Date "2020.04.28"]
[Round "8"]
[White "aNaartjieZA"]
[Black "djano"]
[Result "1-0"]
[WhiteElo "2597"]
[BlackElo "2452"]
[TimeControl "180+1"]
[EndTime "11:33:43 PDT"]
[Termination "aNaartjieZA won by resignation"]

1. e4 e5 2. Nf3 Nc6 3. Bc4 Nf6 4. d3 h6 5. O-O g6 6. c3 Bg7 7. Re1 O-O 8. Bb3 d6 9. Nbd2 Na5 10. Bc2 c5 11. Nf1 Nc6 12. Ng3 Nh7 13. Bb3 Qe8 14. Be3 Be6 15. Qd2 h5 16. Bh6 Na5 17.
Bxe6 Qxe6 18. Bxg7 Kxg7 19. Ng5 Qe7 20. Nxh7 Kxh7 21.
Qe2 Qg5 22. Qf3 Nc6 23. Nf1 f5 24. exf5 gxf5 25. Qg3 Qh6 26. Qh4 Rg8 27. Kh1 Rg4 28. Qh3 f4 29. f3 Rg5 30. Nd2 Rag8 31. Re2 Qg6 32. Ne4 Rf5 33. Nxd6 Rg5 34. Ne4 Rf5 35. Rg1 Ne7 36. Qh4 Rg7 37. g4 fxg3 38. Rxg3 Qh6 39. Rxg7+ Kxg7 40. Qxe7+ 1-0

[Event "*** Titled Tuesday Blitz"]
[Site "Chess.com"]
[Date "2020.04.28"]
[Round "8"]
[White "Azatic"]
[Black "KrakenBeast"]
[Result "1-0"]
[WhiteElo "2642"]
[BlackElo "2418"]
[TimeControl "180+1"]
[EndTime "11:33:43 PDT"]
[Termination "Azatic won by resignation"]

1. d4 Nf6 2. c4 g6 3. g3 Bg7 4. Bg2 O-O 5. Nf3 d6 6. O-O Nbd7 7. Nc3 e5 8. dxe5 Nxe5 9. Nxe5 dxe5 10. e4 c6 11. Bg5 h6 12. Bxf6 Bxf6 13. Qc2 Be6 14.
Rad1 Qa5 15. b3 Rad8 16. Rxd8 Rxd8 17. h4 h5 18. Rd1 Rd4 19. Bf1 Be7 20. Rxd4 exd4 21.
Ne2 Bc5 22. Nf4 Bg4 23. Nd3 Be7 24. Be2 Bxe2 25. Qxe2 Qc3 26. Kg2 a6 27. Ne5 Bd6 28. Nd3 b5 29. cxb5 axb5 30. e5 Be7 31. Nf4 Kg7 32. e6 f6 33. Qe4 f5 34. Qe5+ Bf6 35.
Qc7+ Kh6 36. Qf7 1-0

[Event "*** Titled Tuesday Blitz"]
[Site "Chess.com"]
[Date "2020.04.28"]
[Round "8"]
[White "cukin84"]
[Black "atwalcb"]
[Result "0-1"]
[WhiteElo "2091"]
[BlackElo "2280"]
[TimeControl "180+1"]
[EndTime "11:33:45 PDT"]
[Termination "atwalcb won by checkmate"]

1. e4 d6 2. d4 Nf6 3. Nc3 Nbd7 4. Be3 e5 5. f3 c6 6. Qd2 b5 7. a3 a5 8. g4 h6 9. h4 Qc7 10. Nge2 Nb6 11. Ng3 Bb7 12. O-O-O b4 13. Nb1 Nfd7 14. Be2 exd4 15. Bxd4 c5 16. Be3 Ne5 17.
Bb5+ Bc6 18. Qe2 c4 19. Bxb6 Qxb6 20. Bxc6+ Qxc6 21. Nf5 g6 22. Nd4 Qc5 23. f4 Nc6 24. Nxc6 Qxc6 25. e5 O-O-O 26. exd6 Bxd6 27. Rhf1 Rhe8 28. Qf2 Bc5 29. Rxd8+ Rxd8 30. Qe2 Re8 31. Qf3 Be3+ 32. Nd2 Qxf3 33. Rxf3 c3 34. bxc3 bxc3 35. Rxe3 Rxe3 36. Nb3 Re1# 0-1

[Event "*** Titled Tuesday Blitz"]
[Site "Chess.com"]
[Date "2020.04.28"]
[Round "8"]
[White "Nikolaj_6"]
[Black "Maybe00"]
[Result "0-1"]
[WhiteElo "2616"]
[BlackElo "2775"]
[TimeControl "180+1"]
[EndTime "11:33:46 PDT"]
[Termination "Maybe00 won by resignation"]

1. e4 e5 2. Nf3 Nc6 3. Bb5 a6 4. Ba4 Nf6 5. O-O Nxe4 6. d4 Be7 7. Re1 b5 8. Bb3 d5 9. dxe5 Be6 10. Nbd2 Nc5 11. c3 O-O 12. Bc2 d4 13. Nb3 dxc3 14. bxc3 Qxd1 15. Rxd1 Na4 16. Nbd4 Nxd4 17. cxd4 Nc3 18.
Re1 Rfd8 19. Bd2 Nd5 20. h3 c5 21. dxc5 Bxc5 22. Be4 Rac8 23. Rac1 h6 24. Ba5 Re8 25.
Red1 Nf4 26. Kf1 Bc4+ 27. Rxc4 bxc4 28. g3 Nxh3 29. Rd7 Re7 30. Bf5 Rxd7 31. Bxd7 Rb8 32.
Bxh3 Rb2 33. Be1 Rxa2 34. e6 c3 35. Nd4 c2 36. Nb3 Ra1 37. Nxc5 c1=Q 0-1

[Event "*** Titled Tuesday Blitz"]
[Site "Chess.com"]
[Date "2020.04.28"]
[Round "8"]
[White "onnoelgersma"]
[Black "keepitcool9499"]
[Result "0-1"]
[WhiteElo "2296"]
[BlackElo "2452"]
[TimeControl "180+1"]
[EndTime "11:33:47 PDT"]
[Termination "keepitcool9499 won by resignation"]

1. e4 e6 2. d4 d5 3. Nc3 Nf6 4. e5 Nfd7 5. f4 c5 6. Nf3 Nc6 7. Be3 a6 8. Qd2 b5 9. dxc5 Bxc5 10. O-O-O O-O 11. h4 Qb6 12. Bxc5 Nxc5 13. Bd3 b4 14. Ne2 a5 15. Ned4 Ba6 16. Nxc6 Qxc6 17. Bxa6 Rxa6 18. Nd4 Qb6 19. f5 Ne4 20. Qe3 Rc8 21. Rhf1 Qc7 22. Qf4 a4 23. Kb1 a3 24. fxe6 fxe6 25. Nb5 Qxc2+ 0-1

[Event "*** Titled Tuesday Blitz"]
[Site "Chess.com"]
[Date "2020.04.28"]
[Round "8"]
[White "Muracle"]
[Black "Olga_Zhuravleva"]
[Result "1-0"]
[WhiteElo "2675"]
[BlackElo "2274"]
[TimeControl "180+1"]
[EndTime "11:33:57 PDT"]
[Termination "Muracle won by resignation"]

1. Nf3 Nf6 2. g3 b6 3. Bg2 Bb7 4. O-O e6 5. c4 c5 6. Nc3 d6 7. Re1 Nbd7 8. e4 Be7 9. d4 cxd4 10. Nxd4 Qc7 11. Ndb5 Qb8 12. Bf4 Ne5 13. b3 a6 14.
Nd4 Ned7 15. Nd5 Bxd5 16. exd5 e5 17. Nc6 Qc7 18. Be3 Bd8 19. f4 e4 20. g4 Nc5 21. Bxc5 bxc5 22. g5 Nd7 23. Rxe4+ Kf8 24.
Qe2 g6 25. Qb2 f6 26. Rae1 Nb6 27. Re8+ Kf7 1-0

[Event "*** Titled Tuesday Blitz"]
[Site "Chess.com"]
[Date "2020.04.28"]
[Round "8"]
[White "madalin18"]
[Black "RitvarsReimanis"]
[Result "1-0"]
[WhiteElo "2160"]
[BlackElo "2588"]
[TimeControl "180+1"]
[EndTime "11:33:58 PDT"]
[Termination "madalin18 won by resignation"]

1. e4 c5 2. Nf3 Nc6 3. d4 cxd4 4.
Nxd4 Nf6 5. Nc3 e5 6. Ndb5 d6 7. Bg5 a6 8. Na3 b5 9. Bxf6 gxf6 10. Nd5 Bg7 11. Bd3 Ne7 12. Nxe7 Qxe7 13. O-O f5 14.
exf5 e4 15. Bxe4 Rb8 16. Bc6+ Bd7 17. Re1 Be5 18. Bxd7+ Qxd7 19. f4 b4 20. Nc4 Qa7+ 21. Kh1 O-O 22. fxe5 dxe5 23. f6 Kh8 24. Nxe5 Rg8 25.
Qd7 Qxd7 26. Nxd7 Rbc8 27. Rac1 Rg5 28. Re7 Rd5 29. Rxf7 h5 30. Re1 Kg8 31. Rg7+ Kh8 32. h3 b3 33. Ree7 Rg5 34. Rxg5 1-0

[Event "*** Titled Tuesday Blitz"]
[Site "Chess.com"]
[Date "2020.04.28"]
[Round "8"]
[White "colegiodemadrid"]
[Black "GameOverBro"]
[Result "1-0"]
[WhiteElo "2326"]
[BlackElo "2498"]
[TimeControl "180+1"]
[EndTime "11:33:59 PDT"]
[Termination "colegiodemadrid won by resignation"]

1. e4 Nf6 2. e5 Nd5 3. c4 Nb6 4. d4 d6 5. exd6 exd6 6. Nc3 Be7 7. Bd3 O-O 8. Nge2 Bg4 9. f3 Bh5 10. O-O Bg6 11. Bxg6 hxg6 12. b3 Nc6 13. d5 Ne5 14.
Bf4 Nbd7 15. Qd2 a5 16. Be3 b6 17. Nd4 g5 18. Nf5 Bf6 19. Ne4 g6 20. Nh6+ Kg7 21. Nxf6 Nxf6 22. Bxg5 Qd7 23. Bxf6+ Kxf6 24. f4 Ng4 25. Qd4+ Ke7 26. Rae1+ Kd8 27. Nxg4 Qxg4 28. Qf6+ Kc8 29. Re7 Kb7 30. Qxd6 Rac8 31. Qc6+ Kb8 32. d6 Qh4 33. Rxc7 Rxc7 34. dxc7+ Kc8 35. Qa8+ Kxc7 36. Qxf8 Qh5 37. Qxf7+ Kc6 38. Qe8+ 1-0

[Event "*** Titled Tuesday Blitz"]
[Site "Chess.com"]
[Date "2020.04.28"]
[Round "8"]
[White "Larisa004"]
[Black "NiranjanNavalgund"]
[Result "0-1"]
[WhiteElo "2136"]
[BlackElo "2488"]
[TimeControl "180+1"]
[EndTime "11:33:59 PDT"]
[Termination "NiranjanNavalgund won by checkmate"]

1. e4 c5 2. Nf3 Nc6 3. d4 cxd4 4. Nxd4 g6 5. Nc3 Bg7 6. Nb3 Nf6 7. Be2 O-O 8. O-O a5 9. a4 d5 10. Nxd5 Nxe4 11. Bf3 Nd6 12. c3 Ne5 13. Be2 Be6 14.
Nf4 Bc4 15. Nd4 Rc8 16. b3 Bxe2 17. Nfxe2 Ne4 18. c4 Qb6 19. Ba3 Rfd8 20. Bxe7 Rd7 21. c5 Qb4 22. c6 Rxe7 23. cxb7 Rxb7 24. Qb1 Nd2 25. Qa2 Nxf1 26. Rxf1 Nd3 27. Rd1 Bxd4 28. Rxd3 Qe1# 0-1

[Event "*** Titled Tuesday Blitz"]
[Site "Chess.com"]
[Date "2020.04.28"]
[Round "8"]
[White "pichonazo"]
[Black "Iyael"]
[Result "1/2-1/2"]
[WhiteElo "2435"]
[BlackElo "2167"]
[TimeControl "180+1"]
[EndTime "11:33:59 PDT"]
[Termination "Game drawn by repetition"]

1. e4 c5 2. c3 Nf6 3. e5 Nd5 4. Nf3 Nc6 5. Bc4 Nb6 6. Bb3 d5 7. exd6 Qxd6 8. O-O Be6 9. Na3 Bxb3 10. axb3 Rd8 11.
d4 cxd4 12. Nb5 Qb8 13. Nbxd4 Nxd4 14. Nxd4 e6 15. Qg4 h5 16. Qg5 Rd5 17. Qh4 Be7 18. Qe4 Re5 19. Qf3 g5 20. Be3 Nd5 21. Rfe1 a6 22. Bd2 Rxe1+ 23. Rxe1 g4 24. Qe4 Nf6 25. Qe2 h4 26. Nf5 Bd8 27. Bg5 h3 28. g3 Rg8 29.
Bxf6 Bxf6 30. Nd6+ Qxd6 31. Rd1 Qc6 32. f3 gxf3 33.
Qe3 Rg5 34. Kf2 Re5 35. Qh6 Re2+ 36. Kf1 Rxb2 37. Qxf6 Qb6 38. Qh8+ Ke7 39. Qh4+ Ke8 40. Qh8+ Ke7 41. Rd4 Rxh2 42. Qh4+ Ke8 43. Qh8+ Ke7 44. Qh4+ Ke8 45. Qh8+ Ke7 1/2-1/2

[Event "*** Titled Tuesday Blitz"]
[Site "Chess.com"]
[Date "2020.04.28"]
[Round "8"]
[White "vovachesss"]
[Black "monalize"]
[Result "1-0"]
[WhiteElo "2554"]
[BlackElo "2360"]
[TimeControl "180+1"]
[EndTime "11:34:01 PDT"]
[Termination "vovachesss won by checkmate"]

1. e4 c5 2. d4 cxd4 3. c3 Nf6 4. e5 Nd5 5. Nf3 d6 6. Bc4 Nb6 7. Bb3 Nc6 8. exd6 e6 9. O-O Bxd6 10. cxd4 O-O 11. Nc3 Nb4 12. a3 N4d5 13. Bc2 Nxc3 14. bxc3 Bd7 15. Qd3 g6 16. Bh6 Re8 17. Ng5 Nd5 18.
Qh3 Nf4 19. Qh4 Qf6 20. g3 Ne2+ 21. Kg2 Nxc3 22. Bf8 Bc6+ 23. f3 Qxd4 24. Qxh7+ Kxf8 25. Qxf7# 1-0

[Event "*** Titled Tuesday Blitz"]
[Site "Chess.com"]
[Date "2020.04.28"]
[Round "8"]
[White "VolodymyrMolyboha"]
[Black "GianmarcoVaR"]
[Result "1-0"]
[WhiteElo "2446"]
[BlackElo "2549"]
[TimeControl "180+1"]
[EndTime "11:34:02 PDT"]
[Termination "VolodymyrMolyboha won on time"]

1. e4 c5 2. Nf3 d6 3. c3 Nf6 4.
h3 Nc6 5. Bd3 d5 6. e5 Nd7 7.
Bb5 e6 8. O-O Be7 9. d4 O-O 10.
a3 f6 11. exf6 Nxf6 12. Bg5 Ne4 13. Bxe7 Nxe7 14. dxc5 Ng6 15. Bd3 Nf4 16. Bxe4 dxe4 17. Qxd8 Rxd8 18. Ne5 Rd5 19. Nc4 Rxc5 20. Nbd2 b6 21. b4 Rxc4 22. Nxc4 Ba6 23. Nd6 Bxf1 24. Kxf1 e3 25. fxe3 Nd5 26. Rc1 1-0